 Dungeon Crawl Stone Soup version 0.23.0-3-gf3c87f2 (webtiles) character file.

Game seed: 16762234247215789747

37 Azzok the Insei (level 3, 3/23 HPs)
             Began as an Octopode Transmuter on Feb 22, 2019.
             Quit the game on level 2 of the Dungeon.
             The game lasted 00:02:01 (1312 turns).

Azzok the Insei (Octopode Transmuter)               Turns: 1312, Time: 00:02:02

Health: 3/23       AC:  2    Str:  7 (9)  XL:     3   Next: 39%
Magic:  2/6        EV: 19    Int: 14 (16) God:
Gold:   10         SH:  0    Dex: 15 (17) Spells: 2/6 levels left

rFire    . . .     SeeInvis .     - Unarmed
rCold    . . .     Gourm    .   (shield currently unavailable)
rNeg     . . .     Faith    .   (helmet currently unavailable)
rPois    x         Spirit   .   (no amulet)
rElec    .         Reflect  .   (no ring)
rCorr    .         Harm     .   (no ring)
MR       .....                  (no ring)
Stlth    +.........             (no ring)
HPRegen  0.07/turn              (no ring)
MPRegen  0.10/turn              (no ring)
                                (no ring)
                                (no ring)

@: lethally poisoned (3 -> -5), spider-form (expiring)
A: tiny, almost no armour, stealthy swim, (amphibious), 8 rings, (constrict 8)
a: End Transformation


You were on level 2 of the Dungeon.
You were not hungry.
You were a venomous arachnid creature.
You visited 1 branch of the dungeon, and saw 2 of its levels.

You collected 10 gold pieces.

Inventory:

Missiles
 a - 41 arrows
Scrolls
 d - 3 scrolls of enchant weapon {unknown}
 e - a scroll of blinking {unknown}
Comestibles
 c - a ration


   Skills:
 - Level 1.0 Fighting
 - Level 2.0 Dodging
 + Level 3.7 Unarmed Combat
 - Level 2.0 Spellcasting
 + Level 2.9 Transmutations


You had 2 spell levels left.
You knew the following spells:

 Your Spells              Type           Power        Failure   Level  Hunger
a - Beastly Appendage     Tmut           #.....       19%         1    ##.....
b - Spider Form           Tmut/Pois      #.........   58%         3    ####...

Your spell library contained the following spells:

 Spells                   Type           Power        Failure   Level  Hunger
 Sticks to Snakes         Tmut           #.......     26%         2    ###....
 Ice Form                 Ice/Tmut       #.......     91%         4    #####..
 Blade Hands              Tmut           #.........   97%         5    ######.


Dungeon Overview and Level Annotations

Branches:
Dungeon (2/15)

Altars:


Innate Abilities, Weirdness & Mutations

You cannot wear most types of armour.
You are very stealthy in the water. (Stealth+)
((You are amphibious.))
You can wear up to eight rings at the same time.
((You can use your tentacles to constrict eight enemies at once.))
((Your skin changes colour to match your surroundings (Stealth+).))
((Your rubbery body absorbs attacks. (AC +1, EV +1)))


Message History

You turn into a venomous arachnid creature.
The frilled lizard misses you.
Unknown command.
You bite the frilled lizard!
You kill the frilled lizard!
* * * LOW HITPOINT WARNING * * *
You feel sick.
Your transformation is almost over.
* * * LOW HITPOINT WARNING * * *
You feel sick.
Items here: ) ††† a cursed -3 club; a frilled lizard corpse x2; an adder corpse
* * * LOW HITPOINT WARNING * * *
You feel sick.
There is a lethal amount of poison in your body!
It was a potion of degeneration.
There was something very wrong with that liquid.
You feel weakened.
You feel dopey.
You feel clumsy.
There is a lethal amount of poison in your body!
Are you sure you want to abandon this character and quit the game? (Confirm with "yes".)

▒·!···▒ ▒····$╬
▒·····▒ ▒·····▒
▒·····▒ ▒·····▒
▒·····▒ ▒·····▒▒▒▒
▒▒▒▒▒▒▒▒▒·····)s·▒
▒▒·····?···▒▒▒▒▒▒·▒·▒
··················?·▒
·····▒▒▒▒▒▒··▒▒·▒·▒▒▒
·····▒ ▒▒·····▒·▒
·····▒ ▒····▒·▒·▒
·····▒▒▒▒▒········▒
·······<······▒·▒▒▒
····▒▒········▒·▒


There were no monsters in sight!

Vanquished Creatures
  An adder (D:2)
  A worm (D:2)
  A leopard gecko (D:1)
  2 giant cockroaches (D:1)
  A goblin (D:1)
  3 hobgoblins
  3 bats (D:1)
  2 frilled lizards (D:2)
  5 kobolds
  10 rats (D:1)
29 creatures vanquished.

Notes
Turn   | Place    | Note
-------+----------+-------------------------------------------
     0 | D:1      | Azzok the Octopode Transmuter began the quest for the Orb.
     0 | D:1      | Reached XP level 1. HP: 13/13 MP: 3/3
   463 | D:1      | Reached XP level 2. HP: 13/18 MP: 5/5
  1234 | D:2      | Reached XP level 3. HP: 23/23 MP: 4/6
  1239 | D:2      | Learned a level 3 spell: Spider Form
  1312 | D:2      | Quit the game

Action                   || total
-------------------------++-------
Melee: Unarmed           ||    59
       Constrict         ||    14
       Tentacles         ||     9
 Cast: Beastly Appendage ||     1
       Spider Form       ||     2
  Use: Potion            ||     1
 Stab: Sleeping          ||     3
  Eat: Chunk             ||     1
Armor: Skin              ||     5
Dodge: Dodged            ||    38
